Map: Kairos Junction LE

Players

ShaDoWn

  • Race: Protoss Protoss
  • Spawn Location: 11:00

LiquidMaNa (MaNa) - Winner!

  • Race: Protoss Protoss
  • League: Master
  • Spawn Location: 5:00

Event: 2019 WCS Winter Europe

VOD

Have the link to the VOD?

Description

Time

  • Played on: Feb. 1, 2019, 10:08 a.m.
  • Length: 9:06

All games in this series

Show
View Real Time Build Order
Export as new Build Order

ShaDoWn Protoss 

Build Orders: Chargelot Immortal 

Get SALT Encoding   

  12  0:00  Probe  
  13  0:12  Probe  
  14  0:19  Pylon  
  14  0:24  Probe  
  15  0:33  Probe  
  15  0:38  Gateway  
  15  0:41  Probe  
  16  0:47  Assimilator  
  17  0:52  Probe  
  17  0:55  Assimilator  
  18  1:00  Probe  
  19  1:08  Probe  
  19  1:09  Gateway  
  20  1:18  Probe  
  21  1:25  Cybernetics Core  
  21  1:30  Probe  
  22  1:34  Pylon  
  22  1:42  Probe  
  23  1:54  Probe  
  24  2:02  Stalker, Warp Gate, Sentry  
  24  2:07  Probe  
  29  2:11  Pylon  
  29  2:24  Robotics Facility  
  32  2:47  Nexus  
  28  2:52  Stalker  
  30  3:07  Immortal  
  34  3:22  Sentry  
  36  3:28  Pylon  
  36  3:31  Shield Battery  
  36  3:34  Warp Prism  
  36  3:41  Probe  
  39  3:53  Probe  
  40  3:57  Adept x2  
  40  4:00  Shield Battery  
  44  4:03  Probe  
  44  4:08  Probe  
  46  4:13  Shield Battery  
  46  4:19  Probe  
  46  4:21  Stalker  
  49  4:25  Probe  
  49  4:27  Observer  
  49  4:29  Probe  
  51  4:33  Probe  
  51  4:37  Probe  
  53  4:38  Shield Battery  
  53  4:41  Probe  
  54  4:45  Probe  
  54  4:52  Probe, Adept x2  
  57  4:57  Probe  
  59  5:05  Probe  
  60  5:09  Probe  
  60  5:10  Pylon  
  61  5:17  Probe  
  61  5:19  Immortal  
  62  5:22  Probe  
  62  5:26  Sentry  
  62  5:28  Sentry  
  67  5:29  Probe, Pylon  
  67  5:34  Pylon  
  68  5:37  Probe  
  68  5:41  Probe  
  69  5:49  Probe  
  67  5:53  Immortal, Probe  
  67  6:01  Probe  
  72  6:05  Probe  
  72  6:09  Assimilator  
  72  6:10  Assimilator  
  73  6:13  Probe  
  73  6:14  Forge  
  73  6:17  Probe  
  75  6:25  Probe  
  76  6:28  Zealot x2  
  76  6:29  Probe  
  76  6:32  Immortal  
  83  6:37  Probe  
  83  6:39  Protoss Ground Weapons Level 1  
  84  6:41  Probe  
  84  6:42  Twilight Council  
  85  6:49  Probe  
  86  6:55  Pylon  
  86  6:59  Pylon  
  82  7:10  Pylon  
  82  7:12  Pylon  
  82  7:13  Probe x2  
  82  7:14  Pylon  
  84  7:20  Charge, Twilight Council  
  84  7:25  Probe x2  
  84  7:34  Gateway x2  
  84  7:35  Gateway  
  84  7:47  Phoenix  
  84  7:48  Pylon  
  82  7:52  Probe, Templar Archives  
  83  8:00  Zealot x2  
  83  8:01  Pylon  
  87  8:07  Dark Shrine  
  87  8:19  Nexus  
  81  8:28  Zealot x2, Gateway  
  81  8:31  Shield Battery  
  81  8:35  High Templar x2  
  81  8:36  Zealot  
  81  8:39  Archon  
  85  8:48  Zealot x2  
Show
View Real Time Build Order
Export as new Build Order

LiquidMaNa Protoss - Winner!

Build Orders: Archon Immortal 

Get SALT Encoding   

  12  0:00  Probe  
  13  0:12  Probe  
  14  0:20  Pylon  
  14  0:24  Probe  
  15  0:34  Probe  
  15  0:38  Gateway  
  15  0:42  Probe  
  16  0:48  Assimilator  
  17  0:51  Probe  
  17  0:55  Assimilator  
  18  1:00  Probe  
  19  1:08  Probe  
  19  1:09  Gateway  
  20  1:18  Probe  
  20  1:25  Cybernetics Core  
  21  1:30  Probe  
  22  1:35  Pylon  
  22  1:42  Probe  
  23  1:55  Probe  
  24  2:02  Adept  
  24  2:04  Warp Gate, Adept  
  24  2:07  Probe  
  29  2:11  Pylon  
  29  2:19  Probe  
  30  2:33  Sentry  
  32  2:39  Probe, Robotics Facility  
  33  2:56  Nexus  
  33  3:06  Probe  
  33  3:12  Shield Battery  
  34  3:18  Probe  
  35  3:20  Pylon  
  35  3:22  Observer  
  35  3:30  Probe  
  37  3:42  Immortal, Probe  
  37  3:43  Forge  
  42  3:53  Stalker  
  44  4:00  Probe  
  45  4:03  Stalker  
  45  4:07  Protoss Ground Weapons Level 1  
  45  4:08  Probe  
  48  4:12  Probe  
  49  4:20  Immortal, Probe  
  50  4:24  Probe  
  55  4:33  Probe  
  55  4:37  Probe  
  57  4:47  Stalker  
  57  4:48  Stalker  
  62  5:00  Pylon  
  62  5:07  Pylon x2  
  61  5:10  Twilight Council  
  61  5:11  Warp Prism  
  62  5:19  Zealot, Probe x2  
  62  5:20  Zealot  
  61  5:27  Probe x2  
  58  5:35  Probe x2  
  61  5:47  Probe  
  61  5:48  Probe  
  63  5:54  Charge  
  63  5:56  Protoss Ground Weapons Level 2  
  59  5:57  Assimilator  
  59  5:58  Templar Archives  
  59  5:59  Assimilator, Probe  
  60  6:04  Adept x2  
  60  6:11  Probe  
  66  6:13  Shield Battery  
  65  6:24  Probe x2  
  63  6:37  Zealot x2  
  67  6:40  Probe  
  67  6:46  Gateway x2  
  68  6:57  Immortal  
  70  7:01  Zealot x2  
  70  7:04  Probe  
  73  7:15  Pylon  
  73  7:16  Pylon  
  73  7:17  Gateway  
  73  7:27  High Templar x2  
  73  7:28  Probe x2  
  79  7:31  Archon  
  79  7:37  Pylon  
  79  7:41  High Templar x2  
  83  7:45  Immortal  
  83  7:47  Probe  
  88  7:56  Archon  
  88  8:00  Zealot x2  
  92  8:13  High Templar  
  92  8:14  Zealot, High Templar  
  98  8:21  Archon  
  98  8:26  Gateway x2  
  98  8:33  High Templar x2  
  102  8:34  Zealot, Photon Cannon  
  102  8:37  Archon  
  102  8:54  Zealot x2  
  100  8:57  Zealot  
Tags
 
Add a new tag
Caveats
  • Supply blocks, unpowered buildings, or Contaminate may cause inaccurate times.
  • Supply counts are checked every 10 seconds.